 Dungeon Crawl Stone Soup version 0.23.2-40-g277498a (webtiles) character file.

Game seed: 12934876328074446671

378775 CrazyJ the Fighter (level 21, -11/181 HPs)
             Began as a Green Draconian Summoner on Sept 16, 2019.
             Was the Champion of Okawaru.
             Mangled by a deep elf blademaster
             ... wielding a +0 rapier
              (16 damage)
             ... while paralysed
             ... on level 3 of the Elven Halls on Sept 20, 2019.
             The game lasted 23:49:28 (110409 turns).

CrazyJ the Fighter (Green Draconian Summoner)     Turns: 110409, Time: 23:49:28

Health: -11/181    AC: 22    Str: 20    XL:     21   Next: 85%
Magic:  31/46      EV:  2    Int: 35    God:    Okawaru [******]
Gold:   1285       SH:  0    Dex: 21    Spells: 2/45 levels left

rFire    + . .     SeeInvis +   h - +9 trident of Akhli {holy, +Rage +Inv Dex+4 SInv}
rCold    + . .     Gourm    +   M - +2 buckler of Eceqy {Str+5 Int+3 Slay+3 Stlth+}
rNeg     + + .     Faith    .   (armour unavailable)
rPois    +         Spirit   .   z - +2 hat {MR+}
rElec    +         Reflect  .   N - scarf {rC+ rF+}
rCorr    .         Harm     .   s - +2 pair of gloves {archery}
MR       ++...     Clarity  +   c - +2 pair of boots {run}
Stlth    +++.......             u - amulet "Zuneahock" {Gourm +Blink rN++ Int-3 Dex+4}
HPRegen  0.40/turn              K - +3 ring of protection
MPRegen  0.30/turn              A - ring of Henotheism {rElec MP+9 Str+4 Int+9}

@: paralysed, berserk cooldown, hasted and slowed, lightly drained, quick
A: breathe noxious fumes, unfitting armour, stinger 1, clarity, clever 1, poison
resistance, cold-blooded, AC +11
}: 2/15 runes: decaying, serpentine
a: Breathe Noxious Fumes, Heroism, Finesse, Renounce Religion, Evoke Blink,
Evoke Berserk Rage, Evoke Invisibility


You were on level 3 of the Elven Halls.
You worshipped Okawaru.
Okawaru was exalted by your worship.
You were full.

You visited 9 branches of the dungeon, and saw 44 of its levels.
You visited the Abyss 1 time.
You also visited: Gauntlet and Volcano.

You collected 7261 gold pieces.
You spent 5976 gold pieces at shops.

Inventory:

Hand Weapons
 h - the +9 trident of Akhli (weapon) {holy, +Rage +Inv Dex+4 SInv}
   (You took it off a salamander on level 1 of the Snake Pit)

   It has been blessed by the Shining One to cause great damage to the undead
   and demons.
   It affects your dexterity (+4).
   It lets you see invisible.
   It lets you turn invisible.
   It lets you go berserk.
 B - the +8 halberd "Piozaorgh" {protect, rF++ rC+}
   (Okawaru gifted it to you on level 3 of the Elven Halls)

   It protects the one who uses it against injury (+AC on strike).
   It greatly protects you from fire.
   It protects you from cold.
 R - the +7 hunting sling of the Augurer {venom, +Inv rElec MR-}
   (Okawaru gifted it to you on level 1 of the Orcish Mines)

   It poisons the ammo it fires.
   It insulates you from electricity.
   It affects your resistance to hostile enchantments.
   It lets you turn invisible.
 W - the +6 spear of Neolok {chaos, +Fly rPois Str+6 Dex-5}
   (You bought it in a shop on level 2 of the Orcish Mines)

   Each time it hits an enemy it has a different, random effect.
   It affects your strength (+6).
   It affects your dexterity (-5).
   It protects you from poison.
   It lets you fly.
Missiles
 f - 1411 stones (quivered)
 E - 336 sling bullets
Armour
 c - a +2 pair of boots of running (worn)
 s - a +2 pair of gloves of archery (worn)
 z - a +2 hat of magic resistance (worn)
 M - the +2 buckler of Eceqy (worn) {Str+5 Int+3 Slay+3 Stlth+}
   (You bought it in a shop on level 9 of the Dungeon)

   It affects your strength (+5).
   It affects your intelligence (+3).
   It affects your accuracy and damage with ranged weapons and melee attacks
   (+3).
   It makes you more stealthy.
 N - a scarf of resistance (worn)
Magical Staves
 e - an uncursed staff of summoning
 y - an uncursed staff of wizardry
Jewellery
 d - an uncursed ring of resist corrosion
 o - an uncursed ring of ice
 u - the amulet "Zuneahock" (around neck) {Gourm +Blink rN++ Int-3 Dex+4}
   (You bought it in a shop on level 9 of the Dungeon)

   [amulet of the gourmand]

   It allows you to eat raw meat even when not hungry.
   It affects your intelligence (-3).
   It affects your dexterity (+4).
   It greatly protects you from negative energy.
   It lets you blink.
 w - an uncursed ring of protection from magic
 x - an uncursed ring of protection from fire
 A - the ring of Henotheism (right hand) {rElec MP+9 Str+4 Int+9}
   (You bought it in a shop on level 5 of the Depths)

   [ring of magical power]

   It affects your strength (+4).
   It affects your intelligence (+9).
   It insulates you from electricity.
   It affects your magic capacity (+9).
 K - a +3 ring of protection (left hand)
 L - an uncursed ring of magical power
Wands
 n - a wand of scattershot (7)
 q - a wand of flame (51)
 C - a wand of polymorph (8)
 G - a wand of acid (33)
 I - a wand of iceblast (51)
 S - a wand of digging (8)
 Y - a wand of paralysis (19)
Scrolls
 a - 13 scrolls of identify
 g - 4 scrolls of magic mapping
 j - 7 scrolls of remove curse
 t - a scroll of fear
 v - a scroll of summoning
 D - 5 scrolls of fog
 J - 6 scrolls of immolation
Potions
 i - 5 potions of brilliance
 m - 3 potions of agility
 p - 11 potions of curing
 r - 2 potions of heal wounds
 F - a potion of magic
 H - 2 potions of flight
 P - 5 potions of might
Miscellaneous
 l - a phial of floods
 T - a lightning rod (4/4)
Comestibles
 b - 58 rations


   Skills:
 + Level 14.0(13.9) Fighting
   Level 0.1 Maces & Flails
 + Level 12.6(12.5) Polearms
 + Level 10.0(9.9) Slings
 + Level 11.9(11.8) Dodging
 - Level 1.8(1.7) Stealth
 - Level 5.3(5.2) Shields
 - Level 0.6 Unarmed Combat
 + Level 12.9(12.8) Spellcasting
 + Level 7.4 Conjurations
 - Level 10.1 Hexes
 + Level 13.0 Summonings
 - Level 1.4(1.3) Translocations
   Level 5.8(5.7) Fire Magic
 + Level 13.9(13.8) Ice Magic
 + Level 9.4(9.3) Air Magic
   Level 5.8(5.7) Poison Magic
 - Level 7.3(7.2) Invocations
 + Level 13.5(13.4) Evocations


You had 2 spell levels left.
You knew the following spells:

 Your Spells              Type           Power        Failure   Level  Hunger
a - Metabolic Englaciati  Hex/Ice        #######...   1%          5    None
b - Summon Demon          Summ           #######...   1%          5    None
c - Call Canine Familiar  Summ           #######.     1%          3    None
d - Summon Guardian Gole  Hex/Summ       #######.     1%          3    None
e - Summon Ice Beast      Ice/Summ       #######.     1%          4    None
f - Summon Lightning Spi  Summ/Air       #######.     1%          4    None
g - Confusing Touch       Hex            ######       1%          1    None
h - Freezing Cloud        Conj/Ice/Air   #######...   4%          6    ###....
i - Portal Projectile     Hex/Tloc       ######       1%          3    None
j - Aura of Abjuration    Summ           #######...   1%          5    None
k - Spectral Weapon       Hex/Chrm       ######..     1%          3    None
l - Summon Butterflies    Summ           #######.     0%          1    None

Your spell library contained the following spells:

 Spells                   Type           Power        Failure   Level  Hunger
 Freeze                   Ice            ####         0%          1    None
 Summon Small Mammal      Summ           ####         0%          1    None
 Call Imp                 Summ           #######.     0%          2    None
 Animate Skeleton         Necr           N/A          1%          1    None
 Apportation              Tloc           ####..       1%          1    None
 Corona                   Hex            #######      1%          1    None
 Flame Tongue             Conj/Fire      #####        1%          1    None
 Infusion                 Chrm           ###.         1%          1    None
 Magic Dart               Conj           ####         1%          1    None
 Pain                     Necr           ###.         1%          1    None
 Shock                    Conj/Air       ####         1%          1    None
 Blink                    Tloc           N/A          1%          2    None
 Ensorcelled Hibernation  Hex/Ice        ######       1%          2    None
 Poisonous Vapours        Pois/Air       ######       1%          2    None
 Searing Ray              Conj           ######       1%          2    None
 Slow                     Hex            #######.     1%          2    None
 Throw Flame              Conj/Fire      ######       1%          2    None
 Throw Frost              Conj/Ice       ######       1%          2    None
 Shroud of Golubria       Chrm/Tloc      ####......   2%          2    None
 Song of Slaying          Chrm           ###.....     2%          2    None
 Sublimation of Blood     Necr           ###.......   2%          2    None
 Confuse                  Hex            #######.     1%          3    None
 Conjure Flame            Conj/Fire      ######..     1%          3    None
 Dazzling Spray           Conj/Hex       ######       1%          3    None
 Ignite Poison            Fire/Tmut/Pois #####...     1%          3    None
 Inner Flame              Hex/Fire       ######..     1%          3    None
 Mephitic Cloud           Conj/Pois/Air  ######..     1%          3    None
 Ozocubu's Armour         Chrm/Ice       ######..     1%          3    None
 Tukima's Dance           Hex            #######.     1%          3    None
 Cause Fear               Hex            #######...   1%          4    None
 Fulminant Prism          Conj/Hex       ######....   1%          4    None
 Ice Form                 Ice/Tmut       ######..     1%          4    None
 Iskenderun's Mystic Bla  Conj           ######..     1%          4    None
 Sticky Flame             Conj/Fire      ######..     1%          4    None
 Throw Icicle             Conj/Ice       #######.     1%          4    None
 Silence                  Hex/Air        ######....   1%          5    None
 Ozocubu's Refrigeration  Ice            #######...   1%          6    ###....
 Shadow Creatures         Summ           N/A          1%          6    ###....
 Leda's Liquefaction      Hex/Erth       ######....   2%          4    None
 Gell's Gravitas          Tloc           ####......   3%          3    None
 Lesser Beckoning         Tloc           ####......   3%          3    None
 Teleport Other           Tloc           ####....     3%          3    None
 Force Lance              Conj/Tloc      ######..     3%          4    None
 Fireball                 Conj/Fire      ######....   3%          5    None
 Bolt of Cold             Conj/Ice       #######...   3%          6    ###....
 Regeneration             Chrm/Necr      ###.......   5%          3    None
 Vampiric Draining        Necr           ###.......   5%          3    None
 Yara's Violent Unravell  Hex/Tmut       ######....   6%          5    None
 Monstrous Menagerie      Summ           #######...   8%          7    #####..
 Summon Greater Demon     Summ           #######...   8%          7    #####..
 Bolt of Magma            Conj/Fire/Erth ######....   9%          5    None
 Passage of Golubria      Tloc           N/A          11%         4    None
 Irradiate                Conj/Tmut      #####.....   11%         5    None
 Alistair's Intoxication  Tmut/Pois      #####...     16%         5    None
 Simulacrum               Ice/Necr       ######....   17%         6    ###....
 Animate Dead             Necr           N/A          19%         4    None
 Petrify                  Tmut/Erth      ###.....     19%         4    None
 Bolt of Fire             Conj/Fire      ######....   19%         6    ###....
 Deflect Missiles         Chrm/Air       ######....   38%         6    ###....
 Summon Horrible Things   Summ           #######...   52%         8    ######.
 Malign Gateway           Summ/Tloc      ######....   63%         7    #####..
 Haunt                    Necr/Summ      ######....   73%         7    #####..
 Discord                  Hex            #######...   88%         8    ######.
 Ring of Flames           Chrm/Fire      #####.....   99%         7    #####..
 Borgnjor's Revivificati  Necr           ###.......   100%        8    ######.
 Death's Door             Chrm/Necr      ###.......   100%        8    ######.
 Infestation              Necr           ###.......   100%        8    ######.
 Necromutation            Tmut/Necr      ###.......   100%        8    ######.


Dungeon Overview and Level Annotations

Branches:
Dungeon (15/15)            Temple (1/1) D:7            Lair (6/6) D:11
  Swamp (4/4) Lair:3        Snake (4/4) Lair:4        Slime (0/5) Lair:5
    Orc (2/2) D:12            Elf (3/3) Orc:2        Vaults (4/5) D:14
  Crypt (0/3) Vaults:3     Depths (5/5) D:15            Zot (0/5) Depths:5

Altars:
Ashenzari
Cheibriados
Dithmenos
Elyvilon
Fedhas
Gozag
Hepliaklqana
Kikubaaqudgha
Makhleb
Nemelex Xobeh
Okawaru
Qazlal
Ru
Trog
Uskayaw
Wu Jian
Xom
Yredelemnul
Zin
The Shining One
Beogh
Jiyva
Lugonu

Shops:
D:9 !**[:   D:13 [*(**   D:15 :   Orc:2 (}((   Elf:1 *   Elf:2 ?}:!
Vaults:1 !   Depths:1 *(}**   Depths:5 =(=*

Portals:
Hell: Depths:1 Depths:2 Depths:3 Depths:4 Depths:5
Abyss: Depths:1 Depths:3 Depths:4
Pandemonium: Depths:2
Ziggurat: Depths:5
Trove: Elf:3 (give +6 demon blade)

Annotations:
Depths:3 3 runed translucent doors


Innate Abilities, Weirdness & Mutations

You can breathe blasts of noxious fumes.
Your lurid green scales are hard. (AC +11)
You cannot fit into any form of body armour.
Your tail ends in a poisonous barb.
Your system is resistant to poisons. (rPois)
You are cold-blooded and may be slowed by cold attacks.
You possess an exceptional clarity of mind.
Your mind is acute. (Int +2)


Message History

The hellwing hits you but does no damage. x2
The +4 halberd of distortion hits you from afar!
* * * LOW HITPOINT WARNING * * *
Space bends around you.
* * * LOW HITPOINT WARNING * * *
The deep elf elementalist is engulfed in freezing vapours.
You kill the deep elf elementalist!
Okawaru accepts your kill.
Your life force feels restored.
Your Slings skill increases to level 10!
The deep elf demonologist hits you but does no damage.
The deep elf annihilator is engulfed in freezing vapours.
The hellwing hits you!
* * * LOW HITPOINT WARNING * * *
The hellwing hits you but does no damage.
The +4 halberd of distortion completely misses you.
The deep elf sorcerer hits you but does no damage.
You partially resist.
You feel drained.
The deep elf blademaster hits you with a +0 rapier!
You die...

... #.ee### ...
#.....#### ...##
##e....§).#####
.⌠..####......§§§....#
3.(§...........§§....#
###.e......####§e....#
..###.....## ##(...##
....##....# #ee..#
.....#....# #@e4.#
#....##...# ##43.##.e
.#....#....####....#..#
##....#............#..#
. # ...##.............#
e#
.......#............#
..# .###.
e#......###.......#
..##
..#...####§§.#....#
...#...###
#§§.E§.#....#


You could see a deep elf blademaster, a deep elf annihilator, a deep elf
sorcerer, a soul eater, a deep elf demonologist, 2 hellwings and a +4 halberd of
distortion.

Vanquished Creatures
  Sojobo (Vaults:3)
  Margery (D:15)
  Bai Suzhen (Swamp:3)
  A caustic shrike (Depths:2)
  Nikola (Snake:2)
  Jory (Vaults:4)
  2 tentacled monstrosities
  3 liches
  A deep elf blademaster (Elf:3)
  A deep elf master archer (Elf:3)
  2 storm dragons
  2 tengu reavers
  A draconian monk (Depths:5)
  4 fire giants
  5 nagarajas (Snake:4)
  9 frost giants
  3 deep elf sorcerers
  A draconian scorcher (Depths:5)
  Aizul (Snake:4)
  Louise (Snake:3)
  6 vault wardens
  3 ironheart preservers
  A ghoul (Vaults:1)
  10 very ugly things
  A deep elf elementalist (Elf:3)
  A caustic shrike skeleton (Depths:1)
  2 vampire knights
  2 green draconians (Depths:5)
  Azrael (Snake:3)
  11 stone giants
  2 black draconians (Depths:5)
  A deep elf demonologist (Vaults:4)
  A deep elf annihilator (Elf:3)
  A white draconian (Depths:5)
  8 spark wasps
  4 deep elf death magi
  4 dire elephants (Depths:4)
  A crystal guardian (Vaults:4)
  A minotaur (Gauntlet)
  6 ettins
  3 merfolk javelineers
  A blizzard demon (Abyss:3)
  5 fire dragons
  9 yaktaur captains
  3 rakshasas
  A deep elf high priest (Elf:3)
  13 hydras
  2 great orbs of eyes
  3 vault guards (Vaults:3)
  7 naga warriors
  A shambling mangrove (Swamp:1)
  4 anacondas
  2 spriggan air magi
  6 ice dragons
  8 centaur warriors
  20 two-headed ogres
  A death yak (Lair:6)
  8 dancing weapons
  3 ogre magi
  5 deep troll earth magi
  4 deep troll shamans
  11 alligators
  3 tengu warriors
  An orc high priest (Elf:3)
  2 spriggan berserkers
  7 deep elf knights
  5 hell knights
  7 shock serpents
  12 naga sharpshooters
  4 salamander mystics
  A skeletal warrior (Volcano)
  A shadow wraith (Vaults:3)
  An iron troll (Depths:4)
  An unseen horror (shapeshifter) (D:15)
  5 deep trolls
  A gelid demonspawn (Depths:2)
  5 naga ritualists
  2 unseen horrors
  3 wizards
  15 deep elf archers
  8 ironbrand convokers
  2 glowing orange brains
  An orange crystal statue (Gauntlet)
  2 swamp dragons
  A sphinx zombie (Depths:4)
  An anaconda skeleton (Volcano)
  16 orc knights
  3 mana vipers
  A phantasmal warrior (Vaults:1)
  4 wolf spiders
  37 deep elf magi
  8 harpies
  2 necromancers
  2 cyclopes
  A fire giant zombie (Depths:1)
  6 orc sorcerers
  16 ugly things
  A sphinx skeleton (Depths:1)
  A moth of wrath (shapeshifter) (Vaults:2)
  15 salamanders
  4 elephants
  2 water nymphs (shapeshifter)
  24 black mambas
  2 guardian serpents
  9 vault sentinels
  14 naga magi
  A guardian serpent (shapeshifter) (Vaults:4)
  3 centaur zombies
  A smoke demon (Depths:2)
  An elf skeleton (Depths:4)
  2 spiny frogs
  A large abomination (Elf:3)
  2 gargoyles (Volcano)
  A hellion (Depths:4)
  44 yaktaurs
  5 freezing wraiths
  A komodo dragon (shapeshifter) (Vaults:4)
  A komodo dragon (Lair:1)
  4 tengu conjurers
  3 hellwings (Depths:4)
  4 trolls
  8 hornets
  2 meliai (D:15)
  A merfolk (shapeshifter) (Vaults:4)
  A jumping spider (shapeshifter) (Depths:4)
  3 blink frogs
  A blink frog (shapeshifter) (D:15)
  A tyrant leech (Swamp:4)
  14 slime creatures
  A meliai zombie (D:12)
  2 hippogriffs
  A harpy skeleton (Volcano)
  A hippogriff (shapeshifter) (Vaults:4)
  8 bog bodies
  2 air elementals
  An ice dragon skeleton (Depths:1)
  3 spriggans
  A vampire (D:9)
  A wraith (D:13)
  A flying skull (Volcano)
  5 fire elementals
  3 alligator skeletons (Volcano)
  8 water elementals
  A spriggan (shapeshifter) (Elf:1)
  A tarantella (shapeshifter) (Vaults:4)
  9 yaks
  2 basilisks
  A hog (shapeshifter) (D:14)
  A ynoxinul (Abyss:3)
  7 vampire mosquitoes
  4 wargs
  A swamp worm (shapeshifter) (Vaults:2)
  4 swamp worms
  5 insubstantial wisps
  38 nagas
  A human zombie (Depths:1)
  A soldier ant (D:12)
  14 water moccasins
  A floating eye (Depths:3)
  4 swamp drakes
  A floating eye (shapeshifter) (Depths:2)
  6 porcupines
  6 sky beasts
  2 black bears
  41 orc warriors
  A phantom (D:10)
  A sky beast (shapeshifter) (Vaults:4)
  2 ice beasts
  14 ogres
  An eye of draining (shapeshifter) (Vaults:1)
  A wolf (Lair:6)
  2 eyes of draining
  6 boggarts
  11 centaurs
  3 crocodiles
  Blork the orc (D:6)
  14 big kobolds
  12 bullfrogs
  An earth elemental (Elf:2)
  A water moccasin zombie (D:5)
  A water moccasin skeleton (D:4)
  5 scorpions
  A wight (D:14)
  15 killer bees
  A troll skeleton (Volcano)
  5 crimson imps
  2 howler monkeys
  A quasit (D:13)
  2 bullfrog zombies
  4 jellies
  6 centaur skeletons
  19 orc wizards
  9 orc priests
  A bullfrog skeleton (D:11)
  6 hounds
  2 iguanas
  5 hell rats (Lair:4)
  9 worker ants
  A bullfrog simulacrum (Gauntlet)
  A hound zombie (D:7)
  A naga skeleton (Volcano)
  A hound skeleton (D:8)
  A howler monkey zombie (D:9)
  A howler monkey skeleton (D:9)
  11 adders
  A gnoll (D:4)
  2 shadow imps
  A white imp (Depths:5)
  An ufetubus (Abyss:3)
  An ooze (D:3)
  4 adder zombies
  An adder skeleton (D:9)
  2 worms (D:4)
  A dart slug (D:1)
  2 leopard geckos
  99 orcs
  3 giant cockroaches
  4 goblins
  10 hobgoblins
  7 jackals
  23 kobolds
  2 quokkas
  A ball python (D:2)
  5 bats
  3 frilled lizards
  A leopard gecko skeleton (D:4)
  8 rats
  A fungus (Swamp:2)
  9 plants
  A spectral weapon (Depths:4)
1157 creatures vanquished.

Vanquished Creatures (collateral kills)
  Mara (Swamp:4)
  Saint Roka (Vaults:3)
  A lich (Depths:2)
  A thorn hunter (Swamp:4)
  A tengu reaver (Vaults:3)
  Donald (Swamp:3)
  3 nagarajas (Snake:4)
  4 vault wardens
  2 deep elf sorcerers
  2 frost giants
  An orc warlord (Orc:2)
  2 ironheart preservers (Vaults:4)
  8 stone giants
  4 very ugly things
  2 deep elf demonologists
  A dire elephant (Depths:4)
  A deep elf annihilator (Elf:2)
  2 spark wasps
  A merfolk javelineer (Depths:2)
  3 ettins
  A purple draconian (Depths:5)
  A deep elf death mage (Vaults:1)
  3 fire dragons
  3 yaktaur captains
  14 hydras
  4 great orbs of eyes
  6 naga warriors
  5 spriggan air magi
  A shambling mangrove (Swamp:4)
  7 ogre magi
  11 two-headed ogres
  3 ice dragons
  4 centaur warriors
  11 alligators
  5 anacondas
  2 catoblepae
  A deep troll earth mage (Depths:4)
  A tengu warrior (Depths:4)
  A death knight (Vaults:1)
  A titan zombie (Depths:4)
  A deep troll shaman (Depths:4)
  5 death yaks (Lair:6)
  A shock serpent (Snake:3)
  A spriggan berserker (Depths:5)
  2 deep elf knights
  A naga sharpshooter (Snake:1)
  5 spriggans
  4 salamander mystics
  A fire crab (shapeshifter) (Swamp:2)
  A skeletal warrior (Volcano)
  4 hell knights
  2 glowing orange brains
  An unseen horror (Vaults:1)
  2 spriggan druids (Swamp:4)
  7 deep trolls
  6 swamp dragons
  A shadow demon (Depths:2)
  3 flayed ghosts
  3 deep elf archers
  3 orc knights
  3 naga ritualists
  A wizard (Vaults:1)
  3 ironbrand convokers (Vaults:2)
  A wolf spider zombie (D:13)
  8 harpies
  A wolf spider (D:14)
  7 deep elf magi
  4 necromancers
  A fire giant zombie (Depths:4)
  17 slime creatures
  4 mana vipers
  3 orc sorcerers
  7 salamanders
  2 cyclopes
  A toenail golem (Volcano)
  A fire giant skeleton (Depths:4)
  16 ugly things
  9 elephants
  2 guardian serpents
  14 naga magi
  4 vault sentinels
  3 gargoyles
  18 black mambas
  A centaur skeleton (D:10)
  13 spiny frogs
  2 rime drakes
  6 komodo dragons
  16 yaktaurs
  2 kobold demonologists
  6 trolls
  A red devil (Depths:2)
  A meliai (shapeshifter) (D:15)
  11 hornets
  A meliai (D:15)
  A queen bee (D:9)
  8 tyrant leeches
  7 hippogriffs
  3 polar bears
  6 bog bodies
  A human simulacrum (Vaults:2)
  9 blink frogs
  An air elemental (Elf:1)
  A flying skull (Volcano)
  A shadow (D:9)
  An alligator skeleton (Volcano)
  2 wyverns
  A fire elemental (Snake:3)
  32 yaks
  5 water elementals
  2 wraiths
  2 basilisks
  4 hungry ghosts
  A chaos spawn (Depths:2)
  21 vampire mosquitoes
  2 wargs
  2 soldier ants
  A swamp worm (shapeshifter) (D:15)
  6 swamp worms
  2 acid dragons
  9 insubstantial wisps
  31 nagas
  8 water moccasins
  3 porcupines
  5 swamp drakes
  An ice beast (D:6)
  37 orc warriors
  A black bear (shapeshifter) (D:15)
  2 black bears
  An eye of draining (D:12)
  A phantom (D:8)
  2 sky beasts
  12 centaurs
  11 ogres
  4 boggarts
  7 wolves (Lair:6)
  7 crocodiles
  5 big kobolds (D:9)
  5 bullfrogs
  A scorpion (Lair:2)
  A spriggan skeleton (Volcano)
  5 killer bees
  2 wights (D:14)
  2 electric eels (Lair:3)
  2 crimson imps
  2 bullfrog zombies
  A wyvern simulacrum (Gauntlet)
  A hound (D:10)
  11 orc priests
  A gnoll shaman (D:4)
  A hell rat (Lair:4)
  13 orc wizards
  3 worker ants
  A hound zombie (D:10)
  2 naga skeletons (Volcano)
  12 adders
  4 gnolls (D:4)
  2 shadow imps
  An ooze (D:1)
  A dart slug (D:2)
  57 orcs
  A giant cockroach (D:1)
  3 goblins
  A hobgoblin (D:2)
  2 jackals
  7 kobolds
  A quokka (D:3)
  2 frilled lizards
  A jackal zombie (D:5)
  2 fungi
  2 plants
793 creatures vanquished.

Vanquished Creatures (others)
  A thorn hunter (Swamp:3)
  A very ugly thing (Depths:4)
  Fannar (Lair:1)
  A spriggan air mage (Depths:5)
  A two-headed ogre (Vaults:1)
  A swamp dragon (Swamp:3)
  2 ugly things
  A yaktaur (Vaults:1)
  A hornet (Vaults:1)
  A wolf spider simulacrum (Gauntlet)
  A hippogriff (D:9)
  A flying skull (Volcano)
  A yak (Lair:6)
  2 swamp worms
  A phantom (D:7)
  A wolf (Lair:6)
  An orc wizard (D:8)
  A centaur simulacrum (Gauntlet)
  An orc (Elf:3)
  A briar patch (Swamp:4)
  A bush (Lair:4)
  16 fungi
  17 plants
  24 spectral weapons
80 creatures vanquished.

Grand Total: 2030 creatures vanquished

Notes
Turn   | Place    | Note
-------+----------+-------------------------------------------
     0 | D:1      | CrazyJ the Draconian Summoner began the quest for the Orb.
     0 | D:1      | Reached XP level 1. HP: 14/14 MP: 3/3
   143 | D:1      | Reached XP level 2. HP: 9/20 MP: 5/5
  1087 | D:2      | Learned a level 2 spell: Call Imp
  1143 | D:2      | Reached XP level 3. HP: 21/27 MP: 6/6
  1272 | D:2      | Found a glowing golden altar of the Shining One.
  1407 | D:2      | Reached skill level 1 in Shields
  2060 | D:2      | Found a snail-covered altar of Cheibriados.
  2227 | D:3      | Learned a level 3 spell: Call Canine Familiar
  2436 | D:3      | Reached XP level 4. HP: 34/34 MP: 7/7
  2478 | D:3      | Found a shattered altar of Ashenzari.
  2481 | D:3      | Found an iron altar of Okawaru.
  2483 | D:3      | Found a hide-covered altar of Uskayaw.
  2483 | D:3      | Found a white marble altar of Elyvilon.
  2493 | D:3      | Reached skill level 1 in Fighting
  2509 | D:3      | Became a worshipper of Warmaster Okawaru
  2583 | D:3      | Found a sacrificial altar of Ru.
  2857 | D:3      | Found a burning altar of Makhleb.
  3130 | D:4      | Reached skill level 5 in Summonings
  3139 | D:4      | Reached XP level 5. HP: 29/40 MP: 2/8
  3207 | D:4      | Reached * piety under Okawaru
  3267 | D:4      | Learned a level 3 spell: Summon Guardian Golem
  3300 | D:4      | Reached skill level 1 in Slings
  3503 | D:4      | Reached XP level 6. HP: 44/48 MP: 9/9
  3759 | D:5      | Entered Level 5 of the Dungeon
  3946 | D:5      | Noticed an ice beast
  3957 | D:5      | Reached skill level 1 in Invocations
  3959 | D:5      | Reached skill level 2 in Fighting
  3965 | D:5      | Killed an ice beast
  3965 | D:5      | Reached skill level 1 in Polearms
  3965 | D:5      | Reached skill level 1 in Hexes
  3981 | D:5      | Reached ** piety under Okawaru
  3981 | D:5      | Your scales start taking on a lurid green colour.
  3981 | D:5      | Reached XP level 7. HP: 25/55 MP: 0/11
  3981 | D:5      | Gained mutation: Your system is resistant to poisons.
                  | (rPois) [Green Draconian growth]
  4526 | D:6      | Noticed Blork the orc
  4537 | D:6      | Killed Blork the orc
  4997 | D:6      | Reached XP level 8. HP: 39/62 MP: 4/12
  5296 | D:6      | Learned a level 4 spell: Summon Ice Beast
  5428 | D:7      | Reached skill level 3 in Fighting
  5677 | D:6      | Reached *** piety under Okawaru
  5989 | D:7      | Reached skill level 1 in Ice Magic
  6193 | D:7      | Got a pitted buckler
  6195 | D:7      | Identified the +0 buckler of the Sunfish {rN+ Int+4} (You
                  | found it on level 7 of the Dungeon)
  6322 | D:7      | Found a staircase to the Ecumenical Temple.
  6345 | Temple   | Entered the Ecumenical Temple
  7133 | D:8      | Reached skill level 5 in Shields
  7194 | D:8      | You fall through a shaft for 2 floors!
  7194 | D:10     | Entered Level 10 of the Dungeon
  7391 | D:9      | Noticed a hippogriff
  7392 | D:9      | Reached XP level 9. HP: 39/71 MP: 7/14
  7400 | D:9      | Noticed a queen bee
  7409 | D:10     | Reached **** piety under Okawaru
  7474 | D:9      | Killed a queen bee
  7663 | D:9      | Reached skill level 4 in Fighting
  7745 | D:9      | Noticed a kobold demonologist
  7835 | D:9      | Received a gift from Okawaru
  8546 | D:8      | Found a bloodstained altar of Trog.
  8658 | D:8      | Learned a level 4 spell: Summon Lightning Spire
  9326 | D:8      | Reached XP level 10. HP: 65/80 MP: 10/16
  9403 | D:9      | Reached ***** piety under Okawaru
  9403 | D:9      | Received a gift from Okawaru
  9499 | D:9      | Found Sykhuc's Distillery.
  9599 | D:9      | Reached skill level 1 in Air Magic
  9722 | D:9      | Received a gift from Okawaru
  9816 | D:9      | Found Qienarph's Antique Armour Shoppe.
  9879 | D:9      | Reached skill level 5 in Fighting
  9891 | D:9      | Found a basalt altar of Yredelemnul.
  9894 | D:9      | Found a transporter.
  9899 | D:9      | Noticed a flayed ghost
  9909 | D:9      | Found Gelamufa's Book Shop.
  9915 | D:9      | Found an ancient bone altar of Kikubaaqudgha.
  9931 | D:9      | Received a gift from Okawaru
 10023 | D:9      | Found a transporter.
 10088 | D:9      | Found Femumin's General Store.
 10157 | D:9      | Noticed a purple ugly thing
 10158 | D:9      | Noticed a two-headed ogre
 10167 | D:9      | Noticed a cyclops
 10327 | D:9      | Found an ornate altar of the Wu Jian Council.
 10461 | D:9      | Found Kyuxie Evvit's Assorted Antiques.
 10467 | D:9      | Bought a faintly glowing amethyst amulet for 145 gold
                  | pieces
 10467 | D:9      | Identified the amulet "Zuneahock" {Gourm +Blink rN++ Int-3
                  | Dex+4} (You bought it in a shop on level 9 of the Dungeon)
 11231 | D:10     | Reached skill level 5 in Spellcasting
 11231 | D:10     | Reached skill level 5 in Ice Magic
 12382 | D:11     | Received a gift from Okawaru
 12406 | D:11     | Reached XP level 11. HP: 50/89 MP: 8/18
 12807 | D:11     | Noticed a two-headed ogre
 12869 | D:11     | Noticed a red ugly thing
 13686 | D:11     | Found a staircase to the Lair.
 13748 | D:11     | Killed a two-headed ogre
 13748 | D:11     | Reached skill level 5 in Polearms
 13895 | Lair:1   | Entered Level 1 of the Lair of Beasts
 14001 | Lair:1   | Learned a level 1 spell: Confusing Touch
 14005 | Lair:1   | Learned a level 3 spell: Mephitic Cloud
 14071 | Lair:1   | Reached skill level 6 in Fighting
 14566 | Lair:1   | Reached skill level 1 in Evocations
 14654 | Lair:1   | Noticed Fannar
 14686 | Lair:1   | Killed Fannar
 14686 | Lair:1   | Reached skill level 1 in Conjurations
 15865 | Lair:2   | Reached ****** piety under Okawaru
 16022 | Lair:2   | Received a gift from Okawaru
 16166 | Lair:2   | Noticed a seven-headed hydra
 16179 | Lair:2   | Killed a seven-headed hydra
 16876 | Lair:3   | Reached skill level 5 in Invocations
 16903 | Lair:3   | Noticed a five-headed hydra
 17129 | Lair:3   | Killed a five-headed hydra
 17129 | Lair:3   | Received a gift from Okawaru
 17273 | Lair:3   | Gained mutation: You possess an exceptional clarity of
                  | mind. [potion of mutation]
 17273 | Lair:3   | Gained mutation: Your mind is acute. (Int +2) [potion of
                  | mutation]
 17284 | Lair:3   | Found a staircase to the Swamp.
 17330 | Lair:3   | Noticed a catoblepas
 17349 | Lair:3   | Killed a catoblepas
 17349 | Lair:3   | Reached skill level 5 in Dodging
 17349 | Lair:3   | Reached XP level 12. HP: 85/97 MP: 8/21
 17864 | Lair:3   | Noticed a six-headed hydra
 17879 | Lair:3   | Killed a six-headed hydra
 18519 | Lair:3   | Identified a scroll of acquirement
 18519 | Lair:3   | Identified the Volume of Frigorific Conjuration (You
                  | acquired it on level 3 of the Lair of Beasts)
 19064 | Lair:4   | Found a staircase to the Snake Pit.
 19066 | Lair:4   | Noticed a four-headed hydra
 19305 | Lair:4   | Killed a four-headed hydra
 19387 | Lair:3   | Reached skill level 7 in Fighting
 20354 | Lair:4   | Noticed an eight-headed hydra
 20380 | Lair:4   | Killed an eight-headed hydra
 20458 | Lair:4   | Noticed a six-headed hydra
 20480 | Lair:4   | Killed a six-headed hydra
 20649 | Lair:4   | Reached skill level 5 in Air Magic
 20742 | Lair:4   | You fall through a shaft for 2 floors!
 20742 | Lair:6   | Entered Level 6 of the Lair of Beasts
 21089 | Lair:4   | Received a gift from Okawaru
 21926 | Lair:5   | Noticed a four-headed hydra
 22069 | Lair:5   | Killed a four-headed hydra
 22560 | Lair:5   | Received a gift from Okawaru
 22804 | Lair:5   | Found a viscous altar of Jiyva.
 22804 | Lair:5   | Found a staircase to the Slime Pits.
 22886 | Lair:5   | Noticed a four-headed hydra
 22901 | Lair:5   | Killed a four-headed hydra
 23023 | Lair:5   | Noticed a four-headed hydra
 23029 | Lair:5   | Killed a four-headed hydra
 24293 | D:12     | Reached XP level 13. HP: 107/107 MP: 18/23
 24889 | D:12     | Found a staircase to the Orcish Mines.
 25822 | Lair:6   | Reached skill level 8 in Fighting
 26820 | Lair:6   | Received a gift from Okawaru
 27354 | Lair:6   | Received a gift from Okawaru
 28405 | Orc:1    | Entered Level 1 of the Orcish Mines
 28919 | Orc:1    | Found a roughly hewn altar of Beogh.
 29277 | Orc:1    | Reached skill level 5 in Evocations
 29307 | Orc:1    | Noticed an ettin
 29317 | Orc:1    | Killed an ettin
 29317 | Orc:1    | Received a gift from Okawaru
 29320 | Orc:1    | Got a scorched hunting sling {god gift}
 29321 | Orc:1    | Identified the +7 hunting sling of the Augurer {venom, +Inv
                  | rElec MR-} (Okawaru gifted it to you on level 1 of the
                  | Orcish Mines)
 29327 | Orc:1    | Learned a level 3 spell: Portal Projectile
 29811 | Orc:2    | Entered Level 2 of the Orcish Mines
 29856 | Orc:2    | Found a staircase to the Elven Halls.
 30075 | Orc:2    | Found a dark tunnel.
 30101 | Volcano  | Entered a volcano
 30656 | Volcano  | Reached skill level 5 in Hexes
 30721 | Volcano  | Reached skill level 5 in Slings
 31734 | Orc:2    | Noticed an orc warlord
 31799 | Orc:2    | Received a gift from Okawaru
 32273 | Orc:2    | Reached skill level 1 in Translocations
 32905 | Orc:2    | Killed an orc warlord
 32905 | Orc:2    | Received a gift from Okawaru
 32905 | Orc:2    | Gained mutation: Your tail ends in a poisonous barb. [Green
                  | Draconian growth]
 32905 | Orc:2    | Reached XP level 14. HP: 103/116 MP: 5/25
 33570 | Orc:2    | Found Delal's Antique Weapon Shoppe.
 33570 | Orc:2    | Found Wuqee's Gadget Shop.
 33572 | Orc:2    | Found Cuntun's Weapon Boutique.
 33574 | Orc:2    | Found Myvue's Antique Weapon Emporium.
 33590 | Orc:2    | Bought a pitted spear for 240 gold pieces
 33590 | Orc:2    | Identified the +6 spear of Neolok {chaos, +Fly rPois Str+6
                  | Dex-5} (You bought it in a shop on level 2 of the Orcish
                  | Mines)
 33593 | Orc:2    | Bought a jewelled spear for 144 gold pieces
 33593 | Orc:2    | Identified the +3 spear of Parts Unknown {venom, -Tele rN++
                  | Dex+4} (You bought it in a shop on level 2 of the Orcish
                  | Mines)
 33841 | Swamp:1  | Entered Level 1 of the Swamp
 34279 | Lair:3   | Received a gift from Okawaru
 34911 | D:13     | Found Azuenn's Assorted Antiques.
 34921 | D:13     | Bought a scroll labeled HIGUIR SIOST for 31 gold pieces
 35166 | D:13     | Found Befuadac's Antique Armour Shop.
 35384 | D:13     | Found a roughly hewn altar of Beogh.
 35539 | D:13     | Found Qemouniym's Assorted Antiques.
 35754 | D:13     | Found Xeong's Antique Weapon Shop.
 35904 | D:13     | Found Raycunt's Assorted Antiques.
 35913 | D:13     | Bought a leatherbound book for 405 gold pieces
 36139 | D:14     | Received a gift from Okawaru
 36376 | D:14     | Found a gate leading to a gauntlet.
 36392 | D:14     | Reached skill level 9 in Fighting
 36412 | Gauntlet | Entered a Gauntlet
 36412 | Gauntlet | Found a transporter.
 36412 | Gauntlet | Found a transporter.
 36417 | Gauntlet | Found a transporter.
 36420 | Gauntlet | Found a transporter.
 36420 | Gauntlet | Found a transporter.
 36420 | Gauntlet | Found a transporter.
 36762 | Gauntlet | Found a runed translucent door.
 36767 | Gauntlet | Found a runed translucent gate.
 36767 | Gauntlet | Found a runed translucent gate.
 36767 | Gauntlet | Found a runed translucent gate.
 36782 | Gauntlet | Found a transporter.
 36782 | Gauntlet | Found a transporter.
 36787 | Gauntlet | Received a gift from Okawaru
 36813 | Gauntlet | Found a transporter.
 36813 | Gauntlet | Found a transporter.
 36832 | Gauntlet | Found a transporter.
 36835 | Gauntlet | Found a transporter.
 36966 | Gauntlet | Learned a level 3 spell: Ignite Poison
 36990 | Gauntlet | Identified the +9 great sword of Intuition {venom, Int+3}
 37049 | Gauntlet | Identified the Papyrus of the Assistive Frostbite
 37332 | D:14     | Reached skill level 1 in Poison Magic
 37619 | D:14     | You fall through a shaft!
 37619 | D:15     | Entered Level 15 of the Dungeon
 37745 | D:15     | Found Giomatyuq's Book Boutique.
 37953 | D:14     | Found a gate to the Vaults.
 39371 | D:15     | Received a gift from Okawaru
 39413 | D:15     | Found a staircase to the Depths.
 42255 | Swamp:1  | Reached XP level 15. HP: 54/125 MP: 16/27
 43084 | Swamp:2  | Got a crude quarterstaff
 43085 | Swamp:2  | Identified the +2 quarterstaff "Zeqequor" {venom, MP+9
                  | Int+3} (You found it on level 2 of the Swamp)
 43568 | Swamp:2  | Received a gift from Okawaru
 43569 | Swamp:2  | Got a distressingly furry cloak {god gift}
 43570 | Swamp:2  | Identified the +2 cloak "Zoenn" {+Inv rElec Str-4 Dex+3}
                  | (Okawaru gifted it to you on level 2 of the Swamp)
 44082 | Swamp:2  | Reached skill level 5 in Poison Magic
 44973 | Swamp:3  | Noticed Donald
 44982 | Swamp:3  | Noticed a thorn hunter
 44992 | Swamp:3  | Killed Donald
 44999 | Swamp:3  | Killed a thorn hunter
 45126 | Swamp:3  | Noticed Bai Suzhen
 45741 | Swamp:3  | Learned a level 5 spell: Metabolic Englaciation
 46614 | D:9      | Bought an ancient buckler for 218 gold pieces
 46614 | D:9      | Identified the +2 buckler of Eceqy {Str+5 Int+3 Slay+3
                  | Stlth+} (You bought it in a shop on level 9 of the Dungeon)
 46960 | D:9      | Got a smoking silver amulet
 46961 | D:9      | Identified the amulet of Wuafeulo {RegenMP rF+ MR+} (You
                  | found it on level 9 of the Dungeon)
 47188 | Snake:1  | Entered Level 1 of the Snake Pit
 47739 | Snake:1  | Identified the +9 trident of Akhli {holy, +Rage +Inv Dex+4
                  | SInv}
 48428 | Snake:1  | Reached skill level 1 in Fire Magic
 48538 | Snake:1  | Received a gift from Okawaru
 48538 | Snake:1  | Reached skill level 10 in Fighting
 49187 | Snake:2  | Noticed Nikola
 49210 | Snake:2  | Killed Nikola
 51979 | Snake:3  | Reached skill level 10 in Ice Magic
 52192 | Snake:3  | Received a gift from Okawaru
 52402 | Snake:3  | Received a gift from Okawaru
 52814 | Snake:3  | Reached XP level 16. HP: 111/134 MP: 19/29
 53465 | Snake:3  | Received a gift from Okawaru
 54247 | Swamp:4  | Entered Level 4 of the Swamp
 54461 | Swamp:4  | Noticed Mara
 54515 | Swamp:3  | Killed Bai Suzhen
 54690 | Swamp:4  | Noticed CrazyJ's illusion
 54976 | Swamp:4  | Noticed CrazyJ's illusion
 54982 | Swamp:4  | Killed Mara
 54982 | Swamp:4  | Received a gift from Okawaru
 54983 | Swamp:4  | Got a pair of encrusted gloves {god gift}
 54984 | Swamp:4  | Identified the +0 pair of gloves of Sunlight {Int+4}
                  | (Okawaru gifted it to you on level 4 of the Swamp)
 56082 | Swamp:4  | Reached skill level 10 in Spellcasting
 56110 | Swamp:4  | Received a gift from Okawaru
 56780 | Swamp:4  | Noticed a thorn hunter
 56796 | Swamp:4  | Killed a thorn hunter
 56815 | Swamp:3  | Received a gift from Okawaru
 56818 | Swamp:3  | Got a twisted halberd {god gift}
 56835 | Swamp:3  | Identified the +7 halberd of Sehiani {antimagic, rElec
                  | Str+3 SInv} (Okawaru gifted it to you on level 3 of the
                  | Swamp)
 58709 | Swamp:4  | Got a decaying rune of Zot
 59477 | Snake:3  | Found a hazy altar of Hepliaklqana.
 59571 | Snake:3  | Noticed Azrael
 59591 | Snake:3  | Killed Azrael
 59770 | Snake:3  | Received a gift from Okawaru
 59773 | Snake:3  | Got an ancient spear {god gift}
 59774 | Snake:3  | Identified the +0 spear of Ixac Fid {pierce, MR- Str+4
                  | Dex+3} (Okawaru gifted it to you on level 3 of the Snake
                  | Pit)
 60967 | Snake:3  | Reached skill level 11 in Fighting
 61375 | Snake:4  | Entered Level 4 of the Snake Pit
 61543 | Snake:4  | Noticed Louise
 61555 | Snake:4  | Reached XP level 17. HP: 144/144 MP: 23/31
 61850 | Snake:4  | Received a gift from Okawaru
 61892 | Snake:3  | Killed Louise
 62482 | Snake:3  | Received a gift from Okawaru
 62858 | Snake:4  | Reached skill level 10 in Evocations
 63666 | Snake:4  | Reached skill level 5 in Fire Magic
 63950 | Snake:4  | Received a gift from Okawaru
 64363 | Snake:4  | Received a gift from Okawaru
 64911 | Snake:4  | Received a gift from Okawaru
 65585 | Snake:4  | Got a serpentine rune of Zot
 65754 | Snake:4  | Received a gift from Okawaru
 65833 | Snake:4  | Learned a level 6 spell: Ozocubu's Refrigeration
 66338 | Snake:4  | Noticed Aizul
 66358 | Snake:4  | Killed Aizul
 66903 | D:9      | Bought the Incunabulum of Beguiling and the Glacier for 606
                  | gold pieces
 66903 | D:9      | Bought a book of Ice for 910 gold pieces
 66903 | D:9      | Bought a book of Clouds for 630 gold pieces
 66903 | D:9      | Bought a book of Enchantments for 700 gold pieces
 66970 | Lair:1   | Learned a level 3 spell: Spectral Weapon
 67091 | Vaults:1 | Entered Level 1 of the Vaults
 67320 | Depths:1 | Entered Level 1 of the Depths
 68064 | Depths:1 | Reached skill level 10 in Polearms
 68194 | Depths:1 | Found Joun's Assorted Antiques.
 68205 | Depths:1 | Found Qigayz's Weapon Boutique.
 68767 | Depths:1 | Found Wutreoru's General Store.
 68795 | Depths:1 | Identified the Disquisition on Creation and Snow (You
                  | acquired it on level 1 of the Depths)
 69008 | Depths:1 | Found Plog's Gadget Emporium.
 69039 | Depths:1 | Found a shattered altar of Ashenzari.
 69239 | Depths:1 | Found a one-way gate to the infinite horrors of the Abyss.
 69295 | Depths:1 | Found a glowing golden altar of the Shining One.
 69318 | Depths:1 | Noticed Margery
 69996 | D:9      | Got a pitted hand crossbow
 69997 | D:9      | Identified the +6 hand crossbow of Welfare {freeze, rElec}
                  | (You found it on level 9 of the Dungeon)
 70338 | D:15     | Killed Margery
 70338 | D:15     | Received a gift from Okawaru
 70374 | D:15     | Got a pair of ichor-stained gloves {god gift}
 70375 | D:15     | Identified the +0 pair of gloves "Acsov" {Int-2 Dex+5}
                  | (Okawaru gifted it to you on level 15 of the Dungeon)
 70883 | Depths:1 | Found a gateway to Hell.
 70888 | Depths:1 | Found Oreim's Assorted Antiques.
 71333 | Depths:1 | Reached XP level 18. HP: 152/152 MP: 17/32
 71519 | Lair:1   | Learned a level 5 spell: Summon Demon
 73869 | Depths:1 | Reached skill level 10 in Summonings
 74340 | Depths:2 | Reached skill level 5 in Conjurations
 74397 | Depths:2 | Found a one-way gate leading to the halls of Pandemonium.
 74973 | Depths:1 | Bought a scroll of amnesia for 126 gold pieces
 74980 | Depths:1 | Learned a level 5 spell: Aura of Abjuration
 75603 | Vaults:1 | Received a gift from Okawaru
 76302 | Vaults:1 | Reached skill level 10 in Dodging
 76322 | Vaults:1 | Reached skill level 12 in Fighting
 76689 | Vaults:1 | Found Bomis's Distillery.
 77997 | Depths:1 | Bought a scroll of enchant armour for 270 gold pieces
 78324 | Depths:2 | Noticed a tentacled monstrosity
 78540 | Depths:2 | Killed a tentacled monstrosity
 79033 | Depths:2 | Received a gift from Okawaru
 79034 | Depths:2 | Found the +7 lajatang of Order {silver, rMut}
 79478 | Depths:2 | Found a corrupted altar of Lugonu.
 80189 | Depths:3 | Noticed a lich
 81224 | Vaults:2 | Received a gift from Okawaru
 81224 | Vaults:2 | Reached XP level 19. HP: 154/160 MP: 19/34
 81227 | Vaults:2 | Learned a level 1 spell: Summon Butterflies
 81732 | Vaults:2 | Received a gift from Okawaru
 83546 | Vaults:2 | Got an ancient battleaxe
 84523 | Depths:2 | Killed a lich
 84957 | Depths:2 | Received a gift from Okawaru
 86206 | Vaults:2 | Got a scorched arbalest
 86207 | Vaults:2 | Identified the +8 arbalest of the Vendetta {penet, Dex+5}
                  | (You found it on level 2 of the Vaults)
 87019 | Vaults:3 | Noticed Saint Roka
 87823 | Vaults:3 | Killed Saint Roka
 87823 | Vaults:3 | Received a gift from Okawaru
 88360 | Vaults:3 | Noticed Sojobo
 89979 | Depths:3 | Paralysed by a great orb of eyes for 7 turns
 90142 | Depths:3 | Noticed a caustic shrike
 90150 | Depths:3 | Noticed a Brimstone Fiend
 90160 | Depths:3 | Noticed a Brimstone Fiend
 90521 | Depths:2 | Killed a caustic shrike
 90848 | Vaults:3 | Found a staircase to the Crypt.
 90848 | Vaults:3 | Found an ancient bone altar of Kikubaaqudgha.
 90849 | Vaults:3 | Found a basalt altar of Yredelemnul.
 91715 | Vaults:3 | Received a gift from Okawaru
 91984 | Vaults:3 | Reached skill level 10 in Hexes
 92180 | Vaults:3 | Received a gift from Okawaru
 93261 | Depths:3 | Noticed a Tzitzimitl
 93353 | Depths:3 | Reached XP level 20. HP: 169/170 MP: 21/36
 93666 | Depths:3 | Received a gift from Okawaru
 94335 | Depths:1 | Bought a scroll of blinking for 135 gold pieces
 94469 | Depths:3 | Found a runed translucent gate.
 94469 | Depths:3 | Found a runed translucent gate.
 94469 | Depths:3 | Found a runed translucent gate.
 94474 | Depths:3 | Noticed a golden dragon
 94530 | Depths:3 | Paralysed by a great orb of eyes for 7 turns
 94531 | Depths:3 | Identified the +1 flail of Reapportionment {crush, rN+
                  | Str+2 Dex+2}
 94559 | Depths:3 | Reached skill level 13 in Fighting
 95340 | Depths:3 | Found a runed translucent gate.
 95392 | Depths:3 | Found a runed translucent gate.
 95392 | Depths:3 | Found a runed translucent gate.
 95763 | Depths:3 | Found a hide-covered altar of Uskayaw.
 96436 | Depths:4 | Paralysed by an ogre mage for 6 turns
 97104 | Depths:4 | Received a gift from Okawaru
 97118 | Depths:4 | Identified a +2 pair of boots of running (Okawaru gifted it
                  | to you on level 3 of the Depths)
 99123 | Depths:5 | Entered Level 5 of the Depths
 99875 | Depths:5 | Found a gateway to a ziggurat.
100261 | Depths:5 | Found Yxagg's General Store.
100264 | Depths:5 | Found Konwidgh's Jewellery Shop.
100290 | Depths:5 | Found Xastruath's Antique Weapon Boutique.
100373 | Depths:5 | Found Ixyeghig's Jewellery Boutique.
100384 | Depths:5 | Bought the ring of Henotheism {rElec MP+9 Str+4 Int+9} for
                  | 613 gold pieces
101453 | Depths:5 | Found a gate to the Realm of Zot.
101945 | Depths:3 | Paralysed by a floating eye for 2 turns
102163 | Lair:1   | Learned a level 6 spell: Freezing Cloud
102453 | Vaults:3 | Killed Sojobo
102641 | Vaults:3 | Reached XP level 21. HP: 179/179 MP: 37/37
103244 | Vaults:4 | Noticed Jory
103269 | Vaults:4 | Killed Jory
103269 | Vaults:4 | Received a gift from Okawaru
106114 | Elf:1    | Entered Level 1 of the Elven Halls
106923 | Elf:1    | Identified the Incunabulum of Calling
107105 | Elf:1    | Received a gift from Okawaru
107821 | Elf:1    | Found Ostas's Assorted Antiques.
108198 | Elf:2    | Found Fomelia's Book Emporium.
108198 | Elf:2    | Found Duuguid's Gadget Emporium.
108199 | Elf:2    | Found Olacuest's Distillery.
108207 | Elf:2    | Bought a potion of heal wounds for 105 gold pieces
108207 | Elf:2    | Bought a potion of magic for 168 gold pieces
108459 | Elf:2    | Found Vikayn's Magic Scroll Shoppe.
108470 | Elf:2    | Bought a scroll of teleportation for 51 gold pieces
108521 | Elf:2    | Received a gift from Okawaru
108945 | Elf:3    | Entered Level 3 of the Elven Halls
109490 | D:13     | Bought a scroll of teleportation for 117 gold pieces
109592 | D:9      | Bought a scroll of teleportation for 87 gold pieces
109592 | D:9      | Bought a faintly glowing buckler for 275 gold pieces
109593 | D:9      | Identified the +2 buckler "Leen" {*Drain rPois rC+} (You
                  | bought it in a shop on level 9 of the Dungeon)
109928 | Elf:3    | Received a gift from Okawaru
109955 | Elf:3    | Got an ichor-stained halberd {god gift}
109956 | Elf:3    | Identified the +8 halberd "Piozaorgh" {protect, rF++ rC+}
                  | (Okawaru gifted it to you on level 3 of the Elven Halls)
109988 | Elf:3    | Reached skill level 14 in Fighting
110074 | Elf:3    | Cast into level 3 of the Abyss (a deep elf demonologist)
110278 | Elf:3    | Escaped the Abyss
110308 | Elf:3    | Identified the ring "Letzukhu" {rC+ MP+9 AC+1 Dex-3}
110308 | Elf:3    | Identified the +7 glaive of Viubuif {chop, +Fly rPois rF-
                  | rC++}
110311 | Elf:3    | Identified the cursed +1 scythe of Bodily Harmony {freeze,
                  | Fragile Str+7}
110311 | Elf:3    | Identified the +5 broad axe "Putz" {drain, rF+ rN+ Str+2
                  | Stlth+}
110315 | Elf:3    | Found a portal to a secret trove of treasure.
110409 | Elf:3    | Reached skill level 10 in Slings
110409 | Elf:3    | HP: 5/181 [hellwing[a deep elf demonologist] (12)]
110409 | Elf:3    | Mangled by a deep elf blademaster

Skill      XL: |  1  2  3  4  5  6  7  8  9 10 11 12 13 14 15 16 17 18 19 20 21 |
---------------+----------------------------------------------------------------+-----
Shields        | 1 2 3 4 5 |  5.3
Fighting       | 1 2 3 4 5 6 7 8 9 10 11 12 13 14 | 14.0
Summonings     | 5 6 7 8 9 10 11 12 13 | 13.0
Slings         | 1 2 3 4 5 6 7 8 9 10 | 10.0
Invocations    | 1 2 3 5 6 7 |  7.3
Polearms       | 1 2 3 4 5 6 7 8 9 10 11 12 | 12.6
Hexes          | 1 2 3 4 5 6 7 8 9 10 | 10.1
Spellcasting   | 3 4 5 6 7 8 9 10 11 12 | 12.9
Ice Magic      | 2 4 5 6 7 8 9 10 11 12 13 | 13.9
Dodging        | 2 3 4 5 6 7 8 9 10 11 | 11.9
Air Magic      | 2 4 5 6 7 8 9 |  9.4
Evocations     | 2 4 5 6 8 9 11 12 13 | 13.5
Conjurations   | 2 4 5 6 7 |  7.4
Translocations | 1 |  1.4
Poison Magic   | 4 5 |  5.8
Fire Magic     | 2 4 5 |  5.8
Maces & Flails | |  0.1
Stealth        | |  1.8
Unarmed Combat | |  0.6

Action                   |  1- 3 |  4- 6 |  7- 9 | 10-12 | 13-15 | 16-18 | 19-21 || total
-------------------------+-------+-------+-------+-------+-------+-------+-------++-------
Melee: Unarmed           |    48 |       |       |       |       |       |       ||    48
       Tailslap          |    14 |     9 |    55 |   102 |    97 |   115 |   168 ||   560
       Club              |    12 |       |       |       |       |       |       ||    12
       Short sword       |    30 |       |       |       |       |       |       ||    30
       Hand axe          |    49 |   113 |   167 |    61 |       |       |       ||   390
       Staff             |     1 |       |       |       |       |    13 |     1 ||    15
       Spear             |       |       |    49 |       |   120 |    10 |       ||   179
       Trident           |       |       |   315 |   310 |   126 |   873 |  1113 ||  2737
       War axe           |       |       |       |   419 |   448 |       |       ||   867
 Fire: Hunting sling     |       |       |     9 |    23 |   598 |   675 |   460 ||  1765
Throw: Stone             |       |       |       |     3 |     9 |    19 |    17 ||    48
 Cast: Summon Small Mamm |     8 |       |     2 |       |       |       |       ||    10
       Call Imp          |     7 |     9 |     9 |     4 |       |       |       ||    29
       Call Canine Famil |     1 |     5 |    18 |     4 |     7 |     7 |     1 ||    43
       Summon Guardian G |       |       |    28 |    22 |    22 |    15 |     6 ||    93
       Summon Ice Beast  |       |       |     6 |   197 |   339 |   432 |   272 ||  1246
       Summon Lightning  |       |       |       |    21 |   134 |    82 |   125 ||   362
       Confusing Touch   |       |       |       |     9 |     2 |    21 |    17 ||    49
       Portal Projectile |       |       |       |       |    44 |    48 |    30 ||   122
       Mephitic Cloud    |       |       |       |       |    14 |    16 |    16 ||    46
       Ignite Poison     |       |       |       |       |     8 |     6 |       ||    14
       Metabolic Englaci |       |       |       |       |     5 |    44 |    85 ||   134
       Spectral Weapon   |       |       |       |       |       |    32 |    65 ||    97
       Ozocubu's Refrige |       |       |       |       |       |     2 |       ||     2
       Summon Demon      |       |       |       |       |       |    14 |    46 ||    60
       Aura of Abjuratio |       |       |       |       |       |     2 |    21 ||    23
       Summon Butterflie |       |       |       |       |       |       |     5 ||     5
       Freezing Cloud    |       |       |       |       |       |       |    46 ||    46
Invok: Heroism           |       |     2 |     2 |     2 |     5 |    24 |    18 ||    53
       Finesse           |       |       |       |       |       |     3 |     2 ||     5
 Abil: Breathe Noxious F |       |       |    16 |    20 |    48 |    45 |    66 ||   195
       Evoke Blink       |       |       |       |    10 |    46 |    55 |    82 ||   193
       Cancel Portal Pro |       |       |       |       |     1 |     5 |     2 ||     8
       Evoke Berserk Rag |       |       |       |       |     2 |     6 |    16 ||    24
       Evoke Flight      |       |       |       |       |       |     2 |     1 ||     3
       Evoke Invisibilit |       |       |       |       |       |     2 |     6 ||     8
Evoke: Wand              |       |       |       |     6 |    16 |    12 |     1 ||    35
       Crystal ball of e |       |       |       |     1 |       |       |       ||     1
       Lightning rod     |       |       |       |       |     8 |     7 |     1 ||    16
       Lamp of fire      |       |       |       |       |     1 |       |       ||     1
  Use: Scroll            |       |     1 |    10 |    17 |    25 |    17 |    18 ||    88
       Potion            |       |       |     2 |    14 |     6 |     6 |    11 ||    39
 Stab: Sleeping          |     3 |       |     1 |     1 |     1 |     1 |       ||     7
       Distracted        |     1 |     2 |       |     9 |     7 |    27 |    30 ||    76
       Confused          |       |       |     7 |     5 |     8 |    31 |    33 ||    84
       Paralysed         |       |       |       |       |     5 |       |       ||     5
       Petrified         |       |       |       |       |     9 |       |       ||     9
       Fleeing           |       |       |       |       |     1 |       |       ||     1
       Petrifying        |       |       |       |       |     1 |       |       ||     1
       Invisible         |       |       |       |       |       |     8 |     2 ||    10
  Eat: Chunk             |     6 |     6 |     8 |    82 |   135 |   113 |   139 ||   489
       Ration            |       |       |     5 |     3 |     3 |     2 |       ||    13
Armor: Skin              |    54 |    55 |   200 |   360 |   324 |   236 |   186 ||  1415
Dodge: Dodged            |   101 |    73 |   288 |   621 |   787 |   606 |   555 ||  3031
Block: Buckler           |    28 |    33 |   107 |   255 |   304 |   344 |   287 ||  1358
